 Dungeon Crawl Stone Soup version 0.27-a0-124-g19cb506db8 (webtiles) character file.

Game seed: 16843670842860581153

168 sahdkjhfkaj the Covert (level 5, -1/28 HPs)
             Began as a Vampire Enchanter on Jan 26, 2021.
             Slain by an orc
             ... wielding a +0 hand axe
              (7 damage)
             ... on level 2 of the Dungeon.
             The game lasted 00:03:47 (3013 turns).

sahdkjhfkaj the Covert (Vampire Enchanter)          Turns: 3013, Time: 00:03:48

Health: -1/28      AC:  2    Str:  7    XL:     5   Next: 23%
Magic:  6/8        EV: 13    Int: 17    God:
Gold:   63         SH:  0    Dex: 16    Spells: 2/8 levels left

rFire    . . .     SeeInvis +   a - +1 dagger
rCold    + + .     Faith    .   (no shield)
rNeg     + + +     Spirit   .   b - +0 robe
rPois    ∞         Reflect  .   (no helmet)
rElec    .         Harm     .   (no cloak)
rCorr    .         Rampage  .   (no gloves)
Will     .....                  (no boots)
Stlth    ++++++....             (no amulet)
HPRegen  0.00/turn              (no ring)
MPRegen  0.11/turn              (no ring)

@: bloodless
A: fangs 3, see invisible, unbreathing
a: Bat Form, Revivify


You were on level 2 of the Dungeon.
You visited 1 branch of the dungeon, and saw 3 of its levels.

You collected 63 gold pieces.

Inventory:

Hand Weapons
 a - a +1 dagger (weapon)
Armour
 b - a +0 robe (worn)
Scrolls
 c - 2 scrolls of identify {unknown}
 e - a scroll of magic mapping {unknown}
 g - a scroll of remove curse {unknown}
 l - a scroll of blinking {unknown}
 m - a scroll of amnesia {unknown}
Potions
 d - a potion of haste {unknown}
 f - a potion of attraction {unknown}
 h - a potion of magic {unknown}
 i - a potion of heal wounds {unknown}
 j - a potion of lignification {unknown}
 k - 2 potions of curing {unknown}


   Skills:
 - Level 1.1 Short Blades
 - Level 2.1 Dodging
 - Level 9.0 Stealth
 + Level 2.4 Spellcasting
 - Level 4.4 Hexes


You had 2 spell levels left.
You knew the following spells:

 Your Spells              Type           Power        Failure   Level
a - Ensorcelled Hibernat  Hex/Ice        18%          12%         2
b - Corona                Hex            18%          3%          1
N - Confusing Touch       Hex            17%          9%          3

Your spell library contained the following spells:

 Spells                   Type           Power        Failure   Level
 Tukima's Dance           Hex            17%          9%          3
 Dazzling Flash           Conj/Hex       18%          22%         3


Dungeon Overview and Level Annotations

Branches:
Dungeon (3/15)

Altars:
Okawaru
Zin


Innate Abilities, Weirdness & Mutations

You do not regenerate when monsters are visible.
You are frail without blood (-20% HP).
You can heal yourself when you bite living creatures.
You are immune to poison.
You have razor-sharp teeth.
You have supernaturally acute eyesight. (SInv)
You can survive without breathing.


Message History

A jackal comes into view. x2
The kobold throws a poisoned dart.
The poisoned dart hits you!
The orc shouts!
The orc priest shouts!
There is a stone staircase leading up here.
The orc priest calls down the wrath of Beogh upon you.
Beogh smites you!
The kobold throws a poisoned dart.
The poisoned dart closely misses you. The orc priest misses you.
The orc hits you with a +0 hand axe!
* * * LOW HITPOINT WARNING * * *
You climb upwards.
There is a stone staircase leading down here.
Casting: Ensorcelled Hibernation (safe; 12% risk of failure)
Confirm with . or Enter, or press ? or * to list all spells.
Aiming: Ensorcelled Hibernation (safe; 12% risk of failure)
Press: ? - help, Shift-Dir - straight line, f - orc priest
Aim: an orc priest, wielding a +0 vampiric hand axe and wearing a +0 leather armour (chance to affect: 40%)
The orc priest resists with some effort.
The hobgoblin barely misses you. The orc priest barely misses you.
The orc hits you with a +0 hand axe!
You die...

#.##.##.# #.#
#.##.##.###.#
#...........#
########.###.##.##
.........# #.##..#
########## #.###.#
#.###.## ########
##@##


#8goo8# ##############.....# ............#8.....8# ###########.##.....##
#.##8...8# #.##.....# #.#8.....8 #.# You could see an orc priest, an orc and a
hobgoblin.

Vanquished Creatures
  An orc priest (D:2)
  An orc wizard (D:3)
  3 adders
  A gnoll (D:2)
  A dart slug (D:1)
  4 leopard geckos
  8 orcs
  A giant cockroach (D:1)
  9 goblins
  5 hobgoblins
  2 jackals (D:1)
  A quokka (D:2)
  8 bats
  2 frilled lizards (D:1)
  8 kobolds
  7 rats
62 creatures vanquished.

Notes
Turn   | Place    | Note
-------+----------+-------------------------------------------
     0 | D:1      | sahdkjhfkaj the Vampire Enchanter began the quest for the
                  | Orb.
     0 | D:1      | Reached XP level 1. HP: 13/13 MP: 3/3
   121 | D:1      | Reached skill level 5 in Stealth
   326 | D:1      | Reached XP level 2. HP: 19/19 MP: 5/5
   329 | D:1      | Learned a level 2 spell: Ensorcelled Hibernation
   507 | D:1      | Reached skill level 6 in Stealth
   609 | D:1      | Reached XP level 3. HP: 16/19 MP: 3/6
   613 | D:1      | Learned a level 3 spell: Confusing Touch
  1064 | D:2      | Reached skill level 7 in Stealth
  1315 | D:2      | Found a glowing silver altar of Zin.
  1375 | D:2      | Found an iron altar of Okawaru.
  1814 | D:2      | Reached XP level 4. HP: 24/24 MP: 7/7
  2184 | D:2      | HP: 1/24 [orc/+0 hand axe of freezing (1)]
  2532 | D:2      | Reached skill level 8 in Stealth
  2908 | D:3      | Reached skill level 9 in Stealth
  2908 | D:3      | Reached XP level 5. HP: 26/28 MP: 2/8
  3013 | D:2      | Slain by an orc

Illustrated notes

Levels and vault maps discovered:
D:1:      dpeg_arrival_stone_temple_mockup, layout_basic
D:2:      layout_loops_ring, okawaru_ov_weapons_minmay, general_overflow_altar,
          nicolae_overflow_hidden_temple, minmay_small_reverse_x
D:3:      layout_basic

Skill      XL: |  1  2  3  4 |
---------------+-------------+-----
Stealth        | 5 6 7 9 |  9.0
Short Blades   | |  1.1
Dodging        | |  2.1
Spellcasting   | |  2.4
Hexes          | |  4.4

Action                   |  1- 3 |  4- 6 || total
-------------------------+-------+-------++-------
Melee: Dagger            |    70 |    37 ||   107
       Bite              |     1 |     5 ||     6
 Cast: Ensorcelled Hiber |    15 |    17 ||    32
       Confusing Touch   |       |     1 ||     1
 Abil: Exsanguinate      |     1 |       ||     1
 Stab: Sleeping          |    41 |    11 ||    52
       Confused          |       |     1 ||     1
Armor: Robe              |     2 |     2 ||     4
Dodge: Dodged            |    25 |    32 ||    57

Table legend: (Time is in decaauts)
 A = Elapsed time spent in this place.
 B = Non-inter-level travel time spent in this place.
 C = Inter-level travel time spent in this place.
 D = Time resting spent in this place.
 E = Time spent auto-exploring this place.
 F = Levels seen in this place.
 G = Mean time per level.
                   A        B        C        D        E       F      G
               +--------+--------+--------+--------+--------+-----+--------+
         Total |   3013 |   2961 |     52 |     67 |   2317 |   3 | 1004.3 |
       Dungeon |   3013 |   2961 |     52 |     67 |   2317 |   3 | 1004.3 |
               +--------+--------+--------+--------+--------+-----+--------+

Top non-repeatable levels by time:
     D:2: 1716 daAuts
     D:1: 1070 daAuts
     D:3: 225 daAuts
